| TOP OF THE 1ST |
|
Tijuana Toros batting - Pitching for Oakland Oaks : RHP Ricky Lopez
|
|
Pitching: RHP Ricky Lopez
|
|
|
Batting: RHB Jason Baldwin
|
0-0: Called Strike 0-1: Foul Ball, location: 2F 0-2: Ball 1-2: Fly out, F8 (Flyball, 8RD, EV 99.4 MPH)
|
|
Batting: LHB Fernão Manta
|
0-0: Called Strike 0-1: Swinging Strike 0-2: Ground out 6-3 (Groundball, 56, EV 82.5 MPH)
|
|
Batting: LHB Chris Buchan
|
0-0: Ball 1-0: Ball 2-0: Ball 3-0: Called Strike 3-1: Base on Balls
|
|
Batting: LHB Mesfin Azagba
|
0-0: Called Strike 0-1: Ball 1-1: Ball 2-1: Ball 3-1: Foul Ball, location: 2F 3-2: Fly out, F8 (Flyball, 8LM, EV 90.6 MPH)
|
| Top of the 1st over - 0 runs, 0 hits, 0 errors, 1 left on base; Tijuana 0 - Oakland 0 |
| BOTTOM OF THE 1ST |
|
Oakland Oaks batting - Pitching for Tijuana Toros : LHP Adrian Huerta
|
|
Pitching: LHP Adrian Huerta
|
|
|
Batting: RHB Chris Bohm
|
0-0: Called Strike 0-1: Called Strike 0-2: Ball 1-2: Strikes out swinging
|
|
Batting: RHB Scott Lister
|
0-0: Ball 1-0: Foul Ball, location: 2F 1-1: Ball 2-1: Foul Ball, location: 2F 2-2: Ball 3-2: Foul Ball, location: 2F 3-2: Strikes out swinging
|
|
Batting: RHB Chris Temple
|
0-0: Fly out, F5 (Popup, 5SF, EV 80.6 MPH)
|
| Bottom of the 1st over - 0 runs, 0 hits, 0 errors, 0 left on base; Tijuana 0 - Oakland 0 |
| TOP OF THE 2ND |
|
Tijuana Toros batting - Pitching for Oakland Oaks : RHP Ricky Lopez
|
|
Batting: RHB Bob Magana
|
0-0: Ground out 1-3 (Groundball, P, EV 62.5 MPH)
|
|
Batting: SHB Javy Franco
|
0-0: Foul Ball, location: 2F 0-1: Foul Ball, location: 2F 0-2: Foul Ball, location: 2F 0-2: Foul Ball, location: 2F 0-2: Ball 1-2: Ball 2-2: Foul Ball, location: 2F 2-2: Foul Ball, location: 2F 2-2: Ball 3-2: Fly out, F8 (Line Drive, 8LD, EV 102.5 MPH)
|
|
Batting: LHB Pedro Garza
|
0-0: SINGLE (Groundball, 34D, EV 94.4 MPH)
|
|
Batting: SHB Alex Noval
|
0-0: Called Strike 0-1: Ball 1-1: Foul Ball, location: 2F 1-2: Strikes out swinging
|
| Top of the 2nd over - 0 runs, 1 hit, 0 errors, 1 left on base; Tijuana 0 - Oakland 0 |
| BOTTOM OF THE 2ND |
|
Oakland Oaks batting - Pitching for Tijuana Toros : LHP Adrian Huerta
|
|
Batting: RHB Walt Alaniz
|
0-0: Called Strike 0-1: Ball 1-1: Swinging Strike 1-2: Foul Ball, location: 2F 1-2: Ball 2-2: Foul Ball, location: 2F 2-2: Strikes out swinging
|
|
Batting: RHB Travis Robinson
|
0-0: Foul Ball, location: 2F 0-1: Foul Ball, location: 2F 0-2: Ball 1-2: Ball 2-2: Foul Ball, location: 2F 2-2: Foul Ball, location: 2F 2-2: SOLO HOME RUN (Flyball, 9LD, EV 96.2 MPH), Distance : 345 ft
|
|
Batting: LHB Ed Talamantes
|
0-0: Ball 1-0: Ball 2-0: Swinging Strike 2-1: Swinging Strike 2-2: Foul Ball, location: 2F 2-2: Foul Ball, location: 2F 2-2: Ball 3-2: SINGLE (Line Drive, 4D, EV 110.0 MPH)
|
|
Batting: RHB Gojko Golob
|
0-0: Foul Ball, location: 2F 0-1: Ball 1-1: Swinging Strike 1-2: Ball 2-2: Foul Ball, location: 2F 2-2: Strikes out swinging
|
|
Batting: RHB Ricardo Claros
|
0-0: Called Strike Pickoff Throw to First - Out! 1-3
|
| Bottom of the 2nd over - 1 run, 2 hits, 0 errors, 0 left on base; Tijuana 0 - Oakland 1 |
| TOP OF THE 3RD |
|
Tijuana Toros batting - Pitching for Oakland Oaks : RHP Ricky Lopez
|
|
Batting: RHB Yok-sing Zhào
|
0-0: Ball 1-0: Called Strike 1-1: Ball 2-1: Called Strike 2-2: Strikes out swinging
|
|
Batting: RHB Jason Baldwin
|
0-0: Ball 1-0: SINGLE (Line Drive, 6MD, EV 106.9 MPH)
|
|
Batting: LHB Fernão Manta
|
0-0: Foul Ball, location: 2F 0-1: Foul Ball, location: 2F 0-2: Ball 1-2: Foul Ball, location: 2F 1-2: Fielders Choice at 2nd, 3-6 (Groundball, 3, EV 101.2 MPH)
|
|
Batting: LHB Chris Buchan
|
0-0: Ball 1-0: Called Strike 1-1: Foul Ball, location: 2F 1-2: Strikes out swinging, 2-3 out at first.
|
| Top of the 3rd over - 0 runs, 1 hit, 0 errors, 1 left on base; Tijuana 0 - Oakland 1 |
| BOTTOM OF THE 3RD |
|
Oakland Oaks batting - Pitching for Tijuana Toros : LHP Adrian Huerta
|
|
Batting: RHB Ricardo Claros
|
0-0: Ground out 5-3 (Groundball, 5S, EV 90.6 MPH)
|
|
Batting: RHB Tim Anderson
|
0-0: Ball 1-0: Ball 2-0: Ball 3-0: Base on Balls
|
|
Batting: RHB Chris Bohm
|
0-0: Ball 1-0: Called Strike 1-1: Foul Ball, location: 2F 1-2: Ball 2-2: Foul Ball, location: 2F 2-2: Foul Ball, location: 2F 2-2: Fly out, F9 (Line Drive, 9S, EV 96.9 MPH)
|
|
Batting: RHB Scott Lister
|
0-0: Ball 1-0: Foul Ball, location: 2F 1-1: Ball 2-1: Ball 3-1: Foul Ball, location: 2F 3-2: Base on Balls Tim Anderson to second
|
|
Batting: RHB Chris Temple
|
0-0: Fly out, F8 (Flyball, 8RS, EV 86.2 MPH)
|
| Bottom of the 3rd over - 0 runs, 0 hits, 0 errors, 2 left on base; Tijuana 0 - Oakland 1 |
| TOP OF THE 4TH |
|
Tijuana Toros batting - Pitching for Oakland Oaks : RHP Ricky Lopez
|
|
Batting: LHB Mesfin Azagba
|
0-0: Ball 1-0: Ball 2-0: Ground out 4-3 (Groundball, 4, EV 86.2 MPH)
|
|
Batting: RHB Bob Magana
|
0-0: Called Strike 0-1: Foul Ball, location: 2F 0-2: Foul Ball, location: 2F 0-2: Ball 1-2: Strikes out swinging
|
|
Batting: SHB Javy Franco
|
0-0: Called Strike 0-1: Ball 1-1: DOUBLE (Line Drive, 78M, EV 100.0 MPH)
|
|
Batting: LHB Pedro Garza
|
0-0: Ground out U3 (Groundball, 3, EV 110.6 MPH)
|
| Top of the 4th over - 0 runs, 1 hit, 0 errors, 1 left on base; Tijuana 0 - Oakland 1 |
| BOTTOM OF THE 4TH |
|
Oakland Oaks batting - Pitching for Tijuana Toros : LHP Adrian Huerta
|
|
Batting: RHB Walt Alaniz
|
0-0: Ball 1-0: Called Strike 1-1: Swinging Strike 1-2: Ball 2-2: Strikes out swinging
|
|
Batting: RHB Travis Robinson
|
0-0: Ball 1-0: Called Strike 1-1: Ball 2-1: Foul Ball, location: 2F 2-2: Fly out, F9 (Line Drive, 9S, EV 105.0 MPH)
|
|
Batting: LHB Ed Talamantes
|
0-0: Ball 1-0: Ball 2-0: Swinging Strike 2-1: Ball 3-1: Base on Balls
|
|
Batting: RHB Gojko Golob
|
0-0: Called Strike 0-1: Ball 1-1: Called Strike 1-2: Ball Wild Pitch! Ed Talamantes to second 2-2: Ball 3-2: Ground out 6-3 (Groundball, 6, EV 105.0 MPH)
|
| Bottom of the 4th over - 0 runs, 0 hits, 0 errors, 1 left on base; Tijuana 0 - Oakland 1 |
| TOP OF THE 5TH |
|
Tijuana Toros batting - Pitching for Oakland Oaks : RHP Ricky Lopez
|
|
Batting: SHB Alex Noval
|
0-0: SINGLE (Groundball, 23, EV 61.9 MPH) (infield hit)
|
|
Batting: RHB Yok-sing Zhào
|
0-0: Called Strike 0-1: Grounds into double play, 4-6-3 (Groundball, 4, EV 81.2 MPH)
|
|
Batting: RHB Jason Baldwin
|
0-0: Ball 1-0: Called Strike 1-1: Swinging Strike 1-2: Strikes out swinging
|
| Top of the 5th over - 0 runs, 1 hit, 0 errors, 0 left on base; Tijuana 0 - Oakland 1 |
| BOTTOM OF THE 5TH |
|
Oakland Oaks batting - Pitching for Tijuana Toros : LHP Adrian Huerta
|
|
Batting: RHB Ricardo Claros
|
0-0: Ball 1-0: Ball 2-0: Ball 3-0: Base on Balls
|
|
Batting: RHB Tim Anderson
|
0-0: Ball 1-0: Foul Ball, location: 2F 1-1: Ball 2-1: Ball 3-1: Fielders Choice at 2nd, 6-4 (Groundball, 6, EV 86.9 MPH)
|
|
Batting: RHB Chris Bohm
|
0-0: Called Strike 0-1: Called Strike 0-2: Ball Wild Pitch! Tim Anderson to second 1-2: Ball 2-2: Strikes out swinging
|
|
Batting: RHB Scott Lister
|
0-0: Ground out 5-3 (Groundball, 56, EV 106.9 MPH)
|
| Bottom of the 5th over - 0 runs, 0 hits, 0 errors, 1 left on base; Tijuana 0 - Oakland 1 |
| TOP OF THE 6TH |
|
Tijuana Toros batting - Pitching for Oakland Oaks : RHP Ricky Lopez
|
|
Batting: LHB Fernão Manta
|
0-0: Ball 1-0: Foul Ball, location: 2F 1-1: Foul Ball, location: 2F 1-2: Ball 2-2: SINGLE (Groundball, 56D, EV 97.5 MPH)
|
|
Batting: LHB Chris Buchan
|
0-0: Foul Ball, location: 2F 0-1: Called Strike 0-2: Ball 1-2: Grounds into double play, 4-6-3 (Groundball, 4, EV 105.6 MPH)
|
|
Batting: LHB Mesfin Azagba
|
0-0: Ball 1-0: Called Strike 1-1: Foul Ball, location: 2F 1-2: Ball 2-2: Ground out 6-3 (Groundball, 6, EV 91.9 MPH)
|
| Top of the 6th over - 0 runs, 1 hit, 0 errors, 0 left on base; Tijuana 0 - Oakland 1 |
| BOTTOM OF THE 6TH |
|
Oakland Oaks batting - Pitching for Tijuana Toros : LHP Adrian Huerta
|
|
Batting: RHB Chris Temple
|
0-0: Fly out, F8 (Flyball, 8RD, EV 85.0 MPH)
|
|
Batting: RHB Walt Alaniz
|
0-0: Ball 1-0: Ball 2-0: Ball 3-0: Base on Balls
|
|
Batting: RHB Travis Robinson
|
0-0: Ball 1-0: 2-RUN HOME RUN (Line Drive, 7LD, EV 92.5 MPH), Distance : 347 ft
|
|
Batting: LHB Ed Talamantes
|
0-0: Called Strike 0-1: Ball 1-1: Foul Ball, location: 2F 1-2: SINGLE (Line Drive, 89S, EV 105.6 MPH)
|
|
Pitching: RHP Gerardo Diaz
|
|
|
Batting: RHB Gojko Golob
|
0-0: Foul Ball, location: 2F 0-1: Foul Ball, location: 2F 0-2: SINGLE (Line Drive, 56D, EV 103.1 MPH) Ed Talamantes to second
|
|
Batting: RHB Ricardo Claros
|
0-0: Foul Ball, location: 2F 0-1: Foul Ball, location: 2F 0-2: Foul Ball, location: 2F 0-2: Foul Ball, location: 2F 0-2: Ball 1-2: Ball 2-2: Grounds into double play, 5-4-3 (Groundball, 56S, EV 83.1 MPH)
|
| Bottom of the 6th over - 2 runs, 3 hits, 0 errors, 1 left on base; Tijuana 0 - Oakland 3 |
| TOP OF THE 7TH |
|
Tijuana Toros batting - Pitching for Oakland Oaks : RHP Ricky Lopez
|
|
Pitching: RHP John Shutt
|
|
|
Batting: RHB Bob Magana
|
0-0: Fly out, F8 (Flyball, 8RS, EV 86.9 MPH)
|
|
Batting: SHB Javy Franco
|
0-0: Called Strike 0-1: Called Strike 0-2: Ball 1-2: Foul Ball, location: 2F 1-2: Strikes out swinging
|
|
Batting: LHB Pedro Garza
|
0-0: Ball 1-0: Called Strike 1-1: Ball 2-1: Swinging Strike 2-2: Strikes out swinging
|
| Top of the 7th over - 0 runs, 0 hits, 0 errors, 0 left on base; Tijuana 0 - Oakland 3 |
| BOTTOM OF THE 7TH |
|
Oakland Oaks batting - Pitching for Tijuana Toros : RHP Gerardo Diaz
|
|
Batting: RHB Tim Anderson
|
0-0: Ball 1-0: Called Strike 1-1: SINGLE (Line Drive, 78M, EV 96.9 MPH)
|
|
Batting: RHB Chris Bohm
|
0-0: Sac Bunt to 23 - play at first, batter OUT! 3-4 Tim Anderson to second
|
|
Batting: RHB Scott Lister
|
0-0: Ball 1-0: Called Strike 1-1: Called Strike 1-2: Strikes out swinging
|
|
Batting: RHB Chris Temple
|
0-0: Ground out 6-3 (Groundball, 56, EV 94.4 MPH)
|
| Bottom of the 7th over - 0 runs, 1 hit, 0 errors, 1 left on base; Tijuana 0 - Oakland 3 |
| TOP OF THE 8TH |
|
Tijuana Toros batting - Pitching for Oakland Oaks : RHP John Shutt
|
|
Pinch Hitting: RHB David Watkins
|
0-0: Ball 1-0: Foul Ball, location: 2F 1-1: Ball 2-1: Foul Ball, location: 2F 2-2: Ball 3-2: SINGLE (Line Drive, 89S, EV 100.0 MPH)
|
|
Pinch Hitting: RHB Juan Gallegos
|
0-0: Called Strike 0-1: SINGLE (Groundball, 6MD, EV 101.9 MPH) David Watkins to second
|
|
Batting: RHB Jason Baldwin
|
0-0: Called Strike 0-1: Called Strike 0-2: Strikes out swinging
|
|
Batting: LHB Fernão Manta
|
0-0: Fly out, F7 (Flyball, 78S, EV 86.9 MPH)
|
|
Batting: LHB Chris Buchan
|
0-0: Ball 1-0: SINGLE (Line Drive, 4MD, EV 96.9 MPH) David Watkins to third Juan Gallegos to second
|
|
Batting: LHB Mesfin Azagba
|
0-0: Swinging Strike 0-1: Called Strike 0-2: Strikes out swinging
|
| Top of the 8th over - 0 runs, 3 hits, 0 errors, 3 left on base; Tijuana 0 - Oakland 3 |
| BOTTOM OF THE 8TH |
|
Oakland Oaks batting - Pitching for Tijuana Toros : RHP Gerardo Diaz
|
|
Pitching: RHP Jimmy Hitchcock
|
|
|
Now in CF: Kekoa Kahele
|
|
|
Now in RF: Juan Gallegos
|
|
|
Batting: RHB Walt Alaniz
|
0-0: Called Strike 0-1: Ball 1-1: Swinging Strike 1-2: Foul Ball, location: 2F 1-2: Foul Ball, location: 2F 1-2: Strikes out looking
|
|
Batting: RHB Travis Robinson
|
0-0: Ball 1-0: Ball 2-0: Ball 3-0: Called Strike 3-1: Base on Balls
|
|
Batting: LHB Ed Talamantes
|
0-0: Called Strike 0-1: Ball 1-1: Ball 2-1: Ball 3-1: Base on Balls Travis Robinson to second
|
|
Batting: RHB Gojko Golob
|
0-0: Ball 1-0: Ball Wild Pitch! Travis Robinson to third Ed Talamantes to second 2-0: Foul Ball, location: 2F 2-1: Ball 3-1: Fly out, F8 (Flyball, 8LD, EV 80.0 MPH)
|
|
Batting: RHB Ricardo Claros
|
0-0: Foul Ball, location: 2F 0-1: Ball 1-1: Swinging Strike 1-2: Strikes out swinging
|
| Bottom of the 8th over - 0 runs, 0 hits, 0 errors, 2 left on base; Tijuana 0 - Oakland 3 |
| TOP OF THE 9TH |
|
Tijuana Toros batting - Pitching for Oakland Oaks : RHP John Shutt
|
|
Pitching: LHP Jason Hahn
|
|
|
Now at 1B: Jason Dove
|
|
|
Batting: RHB Bob Magana
|
0-0: Ball 1-0: Ball 2-0: Swinging Strike 2-1: Foul Ball, location: 2F 2-2: Strikes out swinging
|
|
Batting: SHB Javy Franco
|
0-0: Ball 1-0: Ground out 4-3 (Groundball, 34, EV 86.9 MPH)
|
|
Batting: RHB Djoka Subasic
|
0-0: Swinging Strike 0-1: Ball 1-1: Ball 2-1: Ball 3-1: SINGLE (Line Drive, 8RS, EV 92.5 MPH)
|
|
Batting: RHB Kekoa Kahele
|
0-0: Foul Ball, location: 2F 0-1: Ball 1-1: DOUBLE (Line Drive, 3D, EV 96.9 MPH) Djoka Subasic to third
|
|
Batting: RHB Juan Gallegos
|
0-0: Called Strike 0-1: SINGLE (Line Drive, 3D, EV 98.1 MPH) Djoka Subasic scores Kekoa Kahele to third
|
|
Batting: RHB Jason Baldwin
|
0-0: Called Strike 0-1: Called Strike 0-2: DOUBLE (Line Drive, 7LM, EV 106.2 MPH) Kekoa Kahele scores Juan Gallegos to third Runner from 3rd tries for Home, SAFE, throw by LF to trailing runner, SAFE at third!
|
|
Batting: LHB Fernão Manta
|
0-0: Called Strike 0-1: Ball 1-1: Foul Ball, location: 2F 1-2: Strikes out swinging
|
| Top of the 9th over - 3 runs, 4 hits, 0 errors, 1 left on base; Tijuana 3 - Oakland 3 |
| BOTTOM OF THE 9TH |
|
Oakland Oaks batting - Pitching for Tijuana Toros : RHP Jimmy Hitchcock
|
|
Pinch Hitting: LHB Alejandro Muniz
|
0-0: Ground out 4-3 (Groundball, 4, EV 88.8 MPH)
|
|
Pinch Hitting: LHB Roscoe Romaine
|
0-0: Ball 1-0: Foul Ball, location: 2F 1-1: Foul Ball, location: 2F 1-2: Ball 2-2: Ball 3-2: Base on Balls
|
|
Pinch Hitting: LHB Marcus Pollard
|
0-0: Ball 1-0: Called Strike 1-1: Foul Ball, location: 2F 1-2: Foul Ball, location: 2F 1-2: Fly out, F7 (Flyball, 78M, EV 91.2 MPH)
|
|
Batting: RHB Chris Temple
|
0-0: Ball 1-0: Ball 2-0: SINGLE (Line Drive, 6M, EV 98.1 MPH) Roscoe Romaine to second
|
|
Pinch Runner at 2nd Mike Gangi:
|
|
|
Batting: RHB Walt Alaniz
|
0-0: Called Strike 0-1: Swinging Strike 0-2: Fielders Choice at 2nd, 6-4 (Groundball, 6, EV 88.1 MPH)
|
| Bottom of the 9th over - 0 runs, 1 hit, 0 errors, 2 left on base; Tijuana 3 - Oakland 3 |
| TOP OF THE 10TH |
|
Tijuana Toros batting - Pitching for Oakland Oaks : LHP Jason Hahn
|
|
Pitching: RHP Charlie Shook
|
|
|
Now at 2B: Steve Salafia
|
|
|
Now at SS: Gabe Secundino
|
|
|
Now in CF: Felipe Gomez
|
|
|
Batting: LHB Chris Buchan
|
0-0: Called Strike 0-1: Hit by Pitch
|
|
Batting: LHB Mesfin Azagba
|
0-0: Ball 1-0: Called Strike 1-1: Ball 2-1: Foul Ball, location: 2F 2-2: Ground out 4-3 (Groundball, 34D, EV 105.6 MPH) Chris Buchan to second
|
|
Batting: RHB Bob Magana
|
0-0: Intentional Walk
|
|
Batting: SHB Javy Franco
|
0-0: Foul Ball, location: 2F 0-1: Grounds into double play, 6-4-3 (Groundball, 6, EV 83.1 MPH)
|
| Top of the 10th over - 0 runs, 0 hits, 0 errors, 1 left on base; Tijuana 3 - Oakland 3 |
| BOTTOM OF THE 10TH |
|
Oakland Oaks batting - Pitching for Tijuana Toros : RHP Jimmy Hitchcock
|
|
Batting: RHB Travis Robinson
|
0-0: Foul Ball, location: 2F 0-1: Ball 1-1: Ball 2-1: Ball 3-1: Base on Balls
|
|
Pitching: LHP Conor Bailey
|
|
|
Batting: RHB Jason Dove
|
0-0: Ball 1-0: Foul Ball, location: 2F 1-1: Called Strike 1-2: Ball 2-2: Ball 3-2: Base on Balls Travis Robinson to second
|
|
Batting: RHB Gojko Golob
|
0-0: Ball 1-0: Foul Ball, location: 2F 1-1: Sac Bunt to 13S - play at first, batter OUT! 1-4 Travis Robinson to third Jason Dove to second
|
|
Batting: RHB Ricardo Claros
|
0-0: Ball 1-0: Foul Ball, location: 2F 1-1: 3-RUN HOME RUN (Flyball, 78XD, EV 106.2 MPH), Distance : 431 ft
|
| Bottom of the 10th over - 3 runs, 1 hit, 0 errors, 0 left on base; Tijuana 3 - Oakland 6 |
|